 Dungeon Crawl Stone Soup version 0.21-a0-633-g4c047d5 (webtiles) character file.

20 Alarkh the Skirmisher (level 2, -2/24 HPs)
             Began as a Demonspawn Chaos Knight on Dec 28, 2017.
             Slain by a gnoll
             ... wielding a +0 whip
              (3 damage)
             ... on level 2 of the Dungeon.
             The game lasted 00:01:08 (580 turns).

Alarkh the Skirmisher (Demonspawn Chaos Knight)      Turns: 580, Time: 00:01:09

Health: -2/24      AC:  7    Str: 12    XL:     2   Next: 58%
Magic:  2/2        EV: 11    Int: 13    God:    Xom [.*....]
Gold:   16         SH:  0    Dex: 12    Spells: 1/1 levels left

rFire    + . .     SeeInvis .     - Unarmed
rCold    . . .     Gourm    .   (no shield)
rNeg     . . .     Faith    .   a - +2 leather armour
rPois    .         Spirit   .   (no helmet)
rElec    .         Reflect  .   (no cloak)
rCorr    .         Harm     .   (no gloves)
MR       .....                  (no boots)
Stlth    +.........             (no amulet)
HPRegen  0.08/turn              c - ring of protection from fire
MPRegen  0.08/turn              (no ring)

@: lethally poisoned (-2 -> -4)
A: thin metallic scales 1
a: Renounce Religion


You were on level 2 of the Dungeon.
You worshipped Xom.
You were a plaything of Xom.
You were not hungry.

You visited 1 branch of the dungeon, and saw 2 of its levels.

You collected 16 gold pieces.

Inventory:

Armour
 a - a +2 leather armour (worn)
Jewellery
 c - a ring of protection from fire (left hand)
Scrolls
 d - 2 scrolls of identify {unknown}
Comestibles
 b - 2 rations


   Skills:
 + Level 3.2 Fighting
 - Level 1.7 Armour
 + Level 1.3 Dodging
 * Level 3.2 Unarmed Combat


You had one spell level left.
You didn't know any spells.

Dungeon Overview and Level Annotations

Branches:
Dungeon (2/15)

Altars:


Innate Abilities, Weirdness & Mutations

You are partially covered in thin metallic scales. (AC +2)


Message History

The adder closely misses you.
You barely miss the adder.
The adder is almost dead.
The adder barely misses you.
You barely miss the adder.
The adder is almost dead.
The adder bites you but does no damage. The adder bites you.
* * * LOW HITPOINT WARNING * * *
A gnoll comes into view. It is wielding a whip.
You closely miss the adder.
The gnoll shouts!
You punch the adder.
You kill the adder!
* * * LOW HITPOINT WARNING * * *
You feel sick. The gnoll hits you but does no damage.
You hit the gnoll.
The gnoll is moderately wounded.
The gnoll hits you with a whip.
You die...
Xom bursts into laughter!

####### #......
##..... ......
#..... #..§.#
#..#§# #†##@# ####
#.##g#.....
#†#gg..#
######...#..# #
#.....<.###.#
#.#.....g.###...
#................
##.........#####.#
##.......## .#


You could see 4 gnolls.

Vanquished Creatures
  An adder (D:2)
  A worm (D:2)
  3 bats (D:2)
  A goblin (D:1)
  A hobgoblin (D:1)
  2 frilled lizards
9 creatures vanquished.

Notes
Turn   | Place    | Note
-------+----------+-------------------------------------------
     0 | D:1      | Alarkh the Demonspawn Chaos Knight began the quest for the Orb.
     0 | D:1      | Reached XP level 1. HP: 18/18 MP: 1/1
   119 | D:1      | Reached skill level 1 in Dodging
   299 | D:1      | XOM: silly message
   449 | D:1      | XOM: butterfly on damage
   506 | D:2      | XOM: cast spell 'Cause Fear'
   531 | D:2      | Gained mutation: You are partially covered in thin metallic scales. (AC +2) [demonic ancestry]
   531 | D:2      | Reached XP level 2. HP: 23/24 MP: 2/2
   572 | D:2      | XOM: smoke on damage
   578 | D:2      | HP: 1/24 [adder (2)]
   580 | D:2      | Slain by a gnoll

Vault maps used:
D:1:      giann_bridges
D:2:      eat_drink_and_be_merry_uskayaw, vehumet_crystals

Skill      XL: |  1 |
---------------+----+-----
Dodging        | 1 |  1.3
Unarmed Combat | 3 |  3.2
Fighting       | |  3.2
Armour         | |  1.7

Action                   || total
-------------------------++-------
Melee: Unarmed           ||    62
       Punch             ||     1
  Use: Potion            ||     2
Armor: Leather armour    ||    22
       Skin              ||     6
Dodge: Dodged            ||    41

Table legend:
 A = Spawn XP
 B = Non-spawn XP
 C = Spawn XP percentage of total XP
 D = Spawn monster count
 E = Non-spawn monster count
 F = Spawn count percentage of total count
 G = Total turns spent on level
                    A         B        C        D         E        F      G
               +---------+---------+-------+---------+---------+-------+---------
         Total |       0 |      29 |   0.0 |       0 |       9 |   0.0 |   580
               +---------+---------+-------+---------+---------+-------+---------
           D:1 |       0 |       5 |   0.0 |       0 |       3 |   0.0 |   498
           D:2 |       0 |      24 |   0.0 |       0 |       6 |   0.0 |    82
               +---------+---------+-------+---------+---------+-------+---------
